 Dungeon Crawl Stone Soup version 0.25.0-15-gac7dcb8919 (webtiles) character file.

Game seed: 11193021962425929781

396 AnneSejuta the Skirmisher (level 6, -6/41 HPs)
             Began as a Gargoyle Fighter on June 28, 2020.
             Mangled by a mummy (14 damage)
             ... in an ossuary.
             The game lasted 00:07:20 (2915 turns).

AnneSejuta the Skirmisher (Gargoyle Fighter)        Turns: 2915, Time: 00:07:20

Health: -6/41      AC: 12    Str: 19    XL:     6   Next: 83%
Magic:  6/6        EV:  7    Int: 11    God:
Gold:   139        SH: 10    Dex:  9    Spells: 5/5 levels left

rFire    . . .     SeeInvis .   q - +0 mace
rCold    + . .     Gourm    .   c - +1 kite shield
rNeg     + . .     Faith    .   b - +0 scale mail
rPois    ∞         Spirit   .   k - +0 helmet
rElec    +         Reflect  .   (no cloak)
rCorr    .         Harm     .   (no gloves)
MR       .....                  (no boots)
Stlth    ..........             (no amulet)
HPRegen  0.13/turn              r - ring of protection from cold
MPRegen  0.10/turn              (no ring)

@: mighty
A: negative energy resistance 1, electricity resistance, unbreathing,
petrification resistance, rot immunity, AC +4
a: no special abilities


You were in an ossuary.
You were not hungry.

You visited 1 branch of the dungeon, and saw 4 of its levels.
You also visited: Ossuary.

You collected 139 gold pieces.

Inventory:

Hand Weapons
 a - a +0 flail
 q - a +0 mace (weapon)
Missiles
 h - 3 boomerangs (quivered)
 l - 3 javelins
Armour
 b - a +0 scale mail (worn)
 c - a +1 kite shield (worn)
 k - a +0 helmet (worn)
Jewellery
 r - a ring of protection from cold (left hand)
Scrolls
 n - 2 scrolls of remove curse
 o - 2 scrolls of magic mapping
Potions
 e - a potion of flight {unknown}
 i - 2 potions of brilliance {unknown}
 m - 2 potions of magic {unknown}
 p - a potion of curing {unknown}
Comestibles
 f - 5 rations


   Skills:
 + Level 6.2 Fighting
 + Level 5.1 Maces & Flails
 - Level 3.2 Armour
 - Level 3.2 Shields


You had 5 spell levels left.
You didn't know any spells.
Your spell library was empty.

Dungeon Overview and Level Annotations

Branches:
Dungeon (4/15)            Ossuary (1/1)
 Temple: D:4-7

Altars:
Ashenzari


Innate Abilities, Weirdness & Mutations

You are resistant to torment.
Your stone body is resilient. (AC +4)
You are immune to poison.
You resist negative energy. (rN+)
You are resistant to electric shocks. (rElec)
You can survive without breathing.
You are immune to petrification.
You are immune to rotting.


Message History

The mummy is severely damaged.
The hobgoblin zombie barely misses you. You block the mummy's attack.
The mummy barely misses you.
You completely miss the mummy.
The mummy is severely damaged.
You block the hobgoblin zombie's attack.
The hobgoblin zombie hits you but does no damage.
The mummy hits you.
You sock the mummy!
You destroy the mummy!
The hobgoblin zombie hits you but does no damage.
You block the hobgoblin zombie's attack.
The mummy hits you!
* * * LOW HITPOINT WARNING * * *
You barely miss the mummy.
The sentinel's mark upon you fades away.
The hobgoblin zombie hits you but does no damage.
You block the hobgoblin zombie's attack.
The mummy hits you!
You die...

#####
##@Z.##
#.MZ..#
#.....#
#.....#
#.....#
#..∩..#
#.....#
#..∩..#
#.....#


You could see a mummy and 2 hobgoblin zombies.

Vanquished Creatures
  2 centaur zombies (Ossuary)
  2 orc wizards
  2 big kobold zombies (Ossuary)
  5 mummies (Ossuary)
  3 gnolls
  6 adders
  An ooze (D:3)
  3 worms
  9 leopard geckos
  3 orcs
  7 bats
  2 giant cockroaches
  5 goblins
  9 hobgoblins
  5 jackals
  4 kobolds
  5 frilled lizards (D:1)
  2 hobgoblin zombies (Ossuary)
  6 rats
81 creatures vanquished.

Vanquished Creatures (others)
  A fungus (D:2)
  2 plants (D:2)
3 creatures vanquished.

Grand Total: 84 creatures vanquished

Notes
Turn   | Place    | Note
-------+----------+-------------------------------------------
     0 | D:1      | AnneSejuta the Gargoyle Fighter began the quest for the
                  | Orb.
     0 | D:1      | Reached XP level 1. HP: 14/14 MP: 1/1
   195 | D:1      | Reached XP level 2. HP: 17/19 MP: 2/2
   674 | D:1      | Reached XP level 3. HP: 24/24 MP: 3/3
   755 | D:1      | Reached skill level 4 in Fighting
  1305 | D:2      | Reached XP level 4. HP: 30/30 MP: 4/4
  1655 | D:2      | Found a shattered altar of Ashenzari.
  1659 | D:2      | Saw a vision of the Swamp and the Snake Pit.
  1659 | D:2      | Noticed a naga mage
  1659 | D:2      | Noticed a salamander
  1659 | D:2      | Noticed a naga
  1659 | D:2      | Noticed a shock serpent
  1659 | D:2      | Noticed a naga mage
  1659 | D:2      | Noticed a black mamba
  1659 | D:2      | Noticed a bullfrog
  1659 | D:2      | Noticed a swamp drake
  1659 | D:2      | Noticed a water moccasin
  1659 | D:2      | Noticed an alligator
  1659 | D:2      | Noticed a swamp drake
  1659 | D:2      | Noticed a swamp drake
  2162 | D:2      | Reached XP level 5. HP: 25/34 MP: 5/5
  2316 | D:3      | Reached skill level 5 in Fighting
  2584 | D:3      | Reached XP level 6. HP: 35/40 MP: 6/6
  2818 | D:4      | Found a sand-covered staircase.
  2828 | Ossuary  | Entered an ossuary
  2893 | Ossuary  | Reached skill level 6 in Fighting
  2893 | Ossuary  | Reached skill level 5 in Maces & Flails
  2915 | Ossuary  | Mangled by a mummy

Illustrated notes

Levels and vault maps discovered:
D:1:      dpeg_arrival_houses_and_road, layout_loops_corners
D:2:      layout_basic, grunt_ashenzari_visionary
          [grunt_ashenzari_visionary_swamp, grunt_ashenzari_visionary_snake]
D:3:      layout_rooms
D:4:      layout_basic, enter_ossuary_1, first_ration, uniq_menkaure
Ossuary:  ossuary_the_hunt_dpeg

Skill      XL: |  1  2  3  4  5  6 |
---------------+-------------------+-----
Fighting       | 4 5 6 |  6.2
Maces & Flails | 3 4 5 |  5.1
Armour         | |  3.2
Shields        | |  3.2

Action                   |  1- 3 |  4- 6 || total
-------------------------+-------+-------++-------
Melee: Flail             |   125 |   152 ||   277
       Mace              |       |    91 ||    91
  Use: Scroll            |     4 |     2 ||     6
       Potion            |       |     3 ||     3
  Eat: Chunk             |     1 |     6 ||     7
Armor: Scale mail        |    76 |   171 ||   247
Dodge: Dodged            |    35 |    95 ||   130
Block: Kite shield       |    54 |   165 ||   219
